Wolves vs Punishers
Created - February 10, 2022 at 23:33
Goals
|
| Wolves |
2 |
2 |
0 |
4 |
| Punishers |
1 |
3 |
3 |
7 |
|
Shots
|
| Wolves |
13 |
18 |
3 |
34 |
| Punishers |
6 |
9 |
19 |
34 |
|
1st period
1. Wolves , Alexandre Grenier 21 (Sebastian Aho 21) at 4:24
2. Wolves , Kyle Rau 14 (Thomas Spelling 12) at 13:14
3. Punishers , Carter Ashton 9 (Radek Faksa 12, Chrstian Dvorak 6) at 14:16
Penalties :
Connor Clifton (Pro) for High sticking (Minor) at 8:21, Brett Kulak (Pro) for Boarding (Minor) at 8:31, Corey Tropp (Pro) for Holding Stick (Minor) at 19:52
2nd period
4. Wolves , Antti Suomela 12 (Anton Lindholm 14) at 2:46
5. Punishers , Nikita Gusev 4 (Austen Brassard 11, John Quenneville 12) at 9:38
6. Punishers , Radek Faksa 9 (Chrstian Dvorak 7, Carter Ashton 6) at 13:41
7. Wolves , Sebastian Aho 14 (Alexandre Grenier 26) at 14:34 (PP)
8. Punishers , Zack Hamill 17 (Corey Tropp 22) at 14:50
Penalties :
Jakub Zboril (Chi) for Interference (Minor) at 10:42, Carter Ashton (Pro) for Close Hand On Puck (Minor) at 14:21
3rd period
9. Punishers , Austen Brassard 4 (Nikita Gusev 9, Connor Clifton 6) at 2:05
10. Punishers , Ben Betker 1 (Brett Kulak 9) at 13:45
11. Punishers , Carter Ashton 10 (Radek Faksa 13) at 17:49
Penalties :
Connor Clifton (Pro) for Holding (Minor) at 11:17, Jalen Chatfield (Chi) for Hooking (Minor) at 11:39
Goalie Stats
Ebbe Siönäs (Chi), 27 saves from 34 shots - (0.794), L, 6-1-0, 60:00 minutes
Louis Domingue (Pro), 30 saves from 34 shots - (0.882), W, 11-10-2, 60:00 minutes
Players Stats for Wolves
Player Name G A P +/- PIM S H SB GA TA FO MP PP MP PK MP
------------------------------------------------------------------------------------
Alexandre Grenier 1 1 2 -1 0 4 1 0 0 0 0/0 22:25 2:54 0:00
Anton Lindholm 0 1 1 -3 0 0 2 5 0 0 0/0 28:51 2:47 1:28
Antti Suomela 1 0 1 0 0 3 2 1 0 0 2/4 10:36 0:00 0:05
Eric Robinson 0 0 0 -1 0 1 3 0 0 0 0/0 16:24 1:49 0:46
Fredrik Olofsson 0 0 0 0 0 0 1 0 0 0 0/0 10:15 0:00 0:05
Jakub Zboril 0 0 0 -2 2 3 1 2 0 1 0/0 20:15 1:43 0:22
Jalen Chatfield 0 0 0 1 2 1 1 1 0 1 0/0 10:44 0:08 0:31
Jeff Petry 0 0 0 -2 0 0 5 1 0 2 0/0 21:20 1:43 1:26
Joe Morrow 0 0 0 -3 0 0 1 1 2 1 0/0 28:11 2:48 0:55
Kieffer Bellows 0 0 0 -2 0 0 1 0 0 0 0/0 8:24 0:00 0:00
Kyle Rau 1 0 1 -1 0 3 0 2 0 0 6/16 17:20 1:49 1:21
Lawson Crouse 0 0 0 -1 0 3 0 1 0 0 2/2 23:22 2:54 0:57
Matthew Highmore 0 0 0 -2 0 2 0 0 1 0 0/5 8:50 0:00 0:00
Samuel Girard 0 0 0 1 0 3 0 1 0 0 0/0 10:33 0:16 0:00
Sebastian Aho 1 1 2 -1 0 5 1 1 0 0 15/41 22:54 2:54 0:29
Thomas Spelling 0 1 1 -1 0 1 0 1 0 0 0/1 16:47 1:49 0:59
Victor Olofsson 0 0 0 0 0 0 0 0 0 1 0/0 10:25 0:00 0:00
Wade Allison 0 0 0 -2 0 5 0 0 0 0 0/0 8:24 0:00 0:00
Players Stats for Punishers
Player Name G A P +/- PIM S H SB GA TA FO MP PP MP PK MP
------------------------------------------------------------------------------------
Alex Schoenborn 0 0 0 1 0 0 0 0 0 0 0/2 1:13 0:22 0:00
Alexander Nylander 0 0 0 0 0 0 0 0 0 0 0/0 0:30 0:00 0:00
Anton Blidh 0 0 0 0 0 3 2 0 0 0 0/0 8:14 0:00 0:53
Artem Zub 0 0 0 -2 0 1 0 0 0 0 0/0 19:34 0:48 1:19
Austen Brassard 1 1 2 -1 0 3 0 0 0 0 0/0 10:54 0:00 0:00
Austin Wagner 0 0 0 0 0 0 0 0 0 0 0/0 0:29 0:00 0:03
Beck Malenstyn 0 0 0 0 0 0 0 0 0 0 0/0 0:00 0:00 0:00
Ben Betker 1 0 1 3 0 1 1 0 0 0 0/0 26:53 1:33 3:24
Brett Kulak 0 1 1 3 2 2 3 2 0 0 0/0 27:47 1:33 2:04
Carter Ashton 2 1 3 3 2 2 3 1 0 0 0/0 15:01 0:52 0:00
Chrstian Dvorak 0 2 2 3 0 2 3 0 1 1 0/0 15:02 0:52 0:00
Connor Clifton 0 1 1 4 4 0 0 2 0 0 0/0 12:23 0:22 0:07
Corey Tropp 0 1 1 1 2 1 2 0 1 1 0/0 21:25 1:07 0:56
Daniel Audette 0 0 0 0 0 0 3 0 0 0 1/1 7:27 0:00 0:38
Fredrik Claesson 0 0 0 3 0 1 1 1 0 0 0/0 10:43 0:00 0:00
Gabriel Gagne 0 0 0 0 0 0 0 0 0 0 1/2 2:23 0:00 1:40
John Quenneville 0 1 1 -1 0 1 1 0 0 0 2/4 10:54 0:00 0:00
Michael Joly 0 0 0 0 0 0 0 0 0 0 0/1 6:45 0:00 0:00
Nicolas Roy 0 0 0 0 0 0 0 0 0 0 0/0 0:00 0:00 0:00
Nikita Gusev 1 1 2 -1 0 3 0 0 0 0 0/1 10:54 0:00 0:00
Niko Mikkola 0 0 0 0 0 0 0 0 0 0 0/0 4:08 0:00 1:18
Noah Juulsen 0 0 0 -2 0 1 0 0 1 0 0/0 19:34 0:48 1:19
Radek Faksa 1 2 3 3 0 8 0 0 0 0 10/15 15:37 0:52 0:22
Tyler Bertuzzi 0 0 0 1 0 2 0 0 0 0 1/1 19:56 1:07 0:00
Zack Hamill 1 0 1 2 0 3 2 2 3 1 29/42 24:00 1:29 2:59
3 Stars
1 - Carter Ashton (Pro)
2 - Radek Faksa (Pro)
3 - Chrstian Dvorak (Pro)
Power Play
Wolves - 1 on 5 Attempt(s) - 20.00%
Punishers - 0 on 2 Attempt(s) - 0.00%
Penalty Kill
Wolves - 2 on 2 Attempt(s) - 100.00%
- Score 0 goal in Penalty Kill
Punishers - 4 on 5 Attempt(s) - 80.00%
- Score 0 goal in Penalty Kill
Team Stat
Wolves - Hits : 19 - Faceoff Wins : 25 - Blocked Shots : 17 - Penalty Minutes : 4
Punishers - Hits : 21 - Faceoff Wins : 44 - Blocked Shots : 8 - Penalty Minutes : 10
Official
Referees : Kyle Rehman and Francis Charron
Linesman : James Tobias and Ryan Galloway
Game Notes
6:59 of 1st period - Wolves goal is going for a video replay. After video review, No Goal. The puck has been kicked using a distinct kicking motion.
Finance
Level 1 -- Attendance: 1401 (70.05%) -- Ticket Income $56,040
Level 2 -- Attendance: 608 (60.80%) -- Ticket Income $12,160
Total Attendance: 2009 (66.97%)
Total Ticket Income: $68,200
Other Income: $3,410
Total Income: $71,610
Wolves
5 vs 5 Forward
Center Left Wing Right Wing Time % Phy DF OF
1 Sebastian Aho Lawson Crouse Alexandre Grenier 40 1 2 2
2 Kyle Rau Eric Robinson Thomas Spelling 30 1 2 2
3 Antti Suomela Fredrik Olofsson Victor Olofsson 20 1 2 2
4 Matthew Highmore Kieffer Bellows Wade Allison 10 1 2 2
5 vs 5 Defense
Defense Defense Time % Phy DF OF
1 Joe Morrow Anton Lindholm 40 1 2 2
2 Jeff Petry Jakub Zboril 30 1 2 2
3 Jalen Chatfield Samuel Girard 20 1 2 2
4 Joe Morrow Anton Lindholm 10 1 2 2
PowerPlay Forward
Center Left Wing Right Wing Time % Phy DF OF
1 Sebastian Aho Lawson Crouse Alexandre Grenier 60 1 2 2
2 Kyle Rau Eric Robinson Thomas Spelling 40 1 2 2
PowerPlay Defense
Defense Defense Time % Phy DF OF
1 Joe Morrow Anton Lindholm 60 1 2 2
2 Jeff Petry Jakub Zboril 40 1 2 2
Penalty Kill 4 Players Forward
Center Wing Time % Phy DF OF
1 Kyle Rau Lawson Crouse 60 1 2 2
2 Sebastian Aho Eric Robinson 40 1 2 2
Penalty Kill 4 Players Defense
Defense Defense Time % Phy DF OF
1 Joe Morrow Anton Lindholm 60 1 2 2
2 Jeff Petry Jakub Zboril 40 1 2 2
Penalty Kill - 3 Players Forward
Forward Time % Phy DF OF
1 Kyle Rau 60 1 2 2
2 Sebastian Aho 40 1 2 2
Penalty Kill - 3 Players Defense
Defense Defense Time % Phy DF OF
1 Joe Morrow Anton Lindholm 60 1 2 2
2 Jeff Petry Jakub Zboril 40 1 2 2
4 vs 4 Forward
Center Wing Time % Phy DF OF
1 Kyle Rau Lawson Crouse 60 1 2 2
2 Sebastian Aho Eric Robinson 40 1 2 2
4 vs 4 Defense
Defense Defense Time % Phy DF OF
1 Joe Morrow Anton Lindholm 60 1 2 2
2 Jeff Petry Jakub Zboril 40 1 2 2
Last Minutes Offensive
Center Left Wing Right Wing Defense Defense
Kyle Rau Lawson Crouse Alexandre Grenier Joe Morrow Anton Lindholm
Last Minutes Defensive
Center Left Wing Right Wing Defense Defense
Kyle Rau Lawson Crouse Alexandre Grenier Joe Morrow Anton Lindholm
Goaltenders
Starting : Ebbe Siönäs
Backup : Sergei Kostenko
Extra Forwards
Normal : Thomas Spelling, Victor Olofsson, Antti Suomela - PP : Thomas Spelling, Victor Olofsson - PK : Thomas Spelling
Extra Defensemen
Normal : Jakub Zboril, Jalen Chatfield, Samuel Girard - PP : Jakub Zboril - PK : Jakub Zboril, Jalen Chatfield
Penalty Shots
Alexandre Grenier, Kyle Rau, Sebastian Aho, Lawson Crouse, Thomas Spelling
Scratches
Jeffrey Foss (Healthy), Kevin Stenlund (Healthy), Zachary Senyshyn (Healthy), Liam O'Brien (Healthy), Dylan Coghlan (Healthy)
Joona Koppanen (Healthy), Laurent Brossoit (Healthy)
Punishers
5 vs 5 Forward
Center Left Wing Right Wing Time % Phy DF OF
1 Zack Hamill Tyler Bertuzzi Corey Tropp 40 1 2 2
2 Radek Faksa Chrstian Dvorak Carter Ashton 30 1 2 2
3 John Quenneville Nikita Gusev Austen Brassard 20 1 2 2
4 Daniel Audette Anton Blidh Michael Joly 10 1 2 2
5 vs 5 Defense
Defense Defense Time % Phy DF OF
1 Brett Kulak Ben Betker 40 1 2 2
2 Artem Zub Noah Juulsen 30 1 2 2
3 Fredrik Claesson Connor Clifton 20 1 2 2
4 Niko Mikkola Brett Kulak 10 1 2 2
PowerPlay Forward
Center Left Wing Right Wing Time % Phy DF OF
1 Zack Hamill Tyler Bertuzzi Corey Tropp 60 1 2 2
2 Radek Faksa Chrstian Dvorak Carter Ashton 40 1 2 2
PowerPlay Defense
Defense Defense Time % Phy DF OF
1 Brett Kulak Ben Betker 60 1 2 2
2 Artem Zub Noah Juulsen 40 1 2 2
Penalty Kill 4 Players Forward
Center Wing Time % Phy DF OF
1 Zack Hamill Corey Tropp 60 1 2 2
2 Tyler Bertuzzi Radek Faksa 40 1 2 2
Penalty Kill 4 Players Defense
Defense Defense Time % Phy DF OF
1 Brett Kulak Ben Betker 60 1 2 2
2 Artem Zub Noah Juulsen 40 1 2 2
Penalty Kill - 3 Players Forward
Forward Time % Phy DF OF
1 Zack Hamill 60 1 2 2
2 Corey Tropp 40 1 2 2
Penalty Kill - 3 Players Defense
Defense Defense Time % Phy DF OF
1 Brett Kulak Ben Betker 60 1 2 2
2 Artem Zub Noah Juulsen 40 1 2 2
4 vs 4 Forward
Center Wing Time % Phy DF OF
1 Zack Hamill Corey Tropp 60 1 2 2
2 Tyler Bertuzzi Radek Faksa 40 1 2 2
4 vs 4 Defense
Defense Defense Time % Phy DF OF
1 Brett Kulak Ben Betker 60 1 2 2
2 Artem Zub Noah Juulsen 40 1 2 2
Last Minutes Offensive
Center Left Wing Right Wing Defense Defense
Zack Hamill Tyler Bertuzzi Corey Tropp Brett Kulak Ben Betker
Last Minutes Defensive
Center Left Wing Right Wing Defense Defense
Zack Hamill Tyler Bertuzzi Corey Tropp Brett Kulak Ben Betker
Goaltenders
Starting : Louis Domingue
Backup : Daniel Altshuller
Extra Forwards
Normal : Alex Schoenborn, Alexander Nylander, Gabriel Gagne - PP : Alex Schoenborn, Alexander Nylander - PK : Gabriel Gagne
Extra Defensemen
Normal : Fredrik Claesson, Connor Clifton, Niko Mikkola - PP : Fredrik Claesson - PK : Connor Clifton, Niko Mikkola
Penalty Shots
Zack Hamill, Corey Tropp, Tyler Bertuzzi, Radek Faksa, Carter Ashton
Scratches
Connor Ingram (Healthy)
% Time on Ice - Wolves
Lines # - Real PCT - Wanted PCT - Time Play
Normal Forward
1 - 38% - 40% - 19:39
2 - 26% - 30% - 13:14
3 - 20% - 20% - 10:02
4 - 16% - 10% - 8:24
Normal Defense
1 - 39% - 40% - 19:56
2 - 35% - 30% - 18:10
3 - 20% - 20% - 10:05
4 - 6% - 10% - 3:08
PP Forward
1 - 61% - 60% - 2:54
2 - 39% - 40% - 1:49
PP Defense
1 - 64% - 60% - 3:00
2 - 36% - 40% - 1:43
PK Forward
1 - 79% - 60% - 1:52
2 - 21% - 40% - 0:29
PK Defense
1 - 39% - 60% - 0:55
2 - 61% - 40% - 1:26
PK3 Forward
1 - 0% - 60%
2 - 0% - 40%
PK3 Defense
1 - 0% - 60%
2 - 0% - 40%
44 Forward
1 - 100% - 60% - 1:37
2 - 0% - 40% - 0:00
44 Defense
1 - 99% - 60% - 1:36
2 - 1% - 40% - 0:01
Last Minute Offensive - 0:00
Last Minute Defensive - 0:00
Total
Forward - 60:00
Defense - 60:00
|
% Time on Ice - Punishers
Lines # - Real PCT - Wanted PCT - Time Play
Normal Forward
1 - 38% - 40% - 19:30
2 - 28% - 30% - 14:10
3 - 21% - 20% - 10:54
4 - 13% - 10% - 6:45
Normal Defense
1 - 40% - 40% - 20:37
2 - 33% - 30% - 17:09
3 - 21% - 20% - 10:43
4 - 6% - 10% - 2:50
PP Forward
1 - 63% - 60% - 1:29
2 - 37% - 40% - 0:52
PP Defense
1 - 66% - 60% - 1:33
2 - 34% - 40% - 0:48
PK Forward
1 - 87% - 60% - 2:32
2 - 13% - 40% - 0:22
PK Defense
1 - 72% - 60% - 2:06
2 - 28% - 40% - 0:48
PK3 Forward
1 - 73% - 60% - 1:20
2 - 27% - 40% - 0:29
PK3 Defense
1 - 72% - 60% - 1:18
2 - 28% - 40% - 0:31
44 Forward
1 - 87% - 60% - 1:24
2 - 13% - 40% - 0:13
44 Defense
1 - 81% - 60% - 1:19
2 - 19% - 40% - 0:18
Last Minute Offensive - 0:00
Last Minute Defensive - 0:00
Total
Forward - 60:00
Defense - 60:00
|
Play-by-Play
1st period
0:01 of 1st period - Zack Hamill wins face-off versus Sebastian Aho in neutral zone.
0:08 of 1st period - Wrist shot by Lawson Crouse.
0:08 of 1st period - Stopped by Louis Domingue with a rebound.
0:36 of 1st period - Snap shot by Radek Faksa.
0:36 of 1st period - Shot Blocked by Kyle Rau.
0:48 of 1st period - Snap shot by Nikita Gusev.
0:48 of 1st period - Shot Misses the Net.
1:33 of 1st period - Wrist shot by Zack Hamill.
1:33 of 1st period - Deflect By Corey Tropp.
1:33 of 1st period - Shot Misses the Net.
1:33 of 1st period - Puck is out of play.
1:34 of 1st period - Radek Faksa wins face-off versus Kyle Rau in Wolves zone.
1:39 of 1st period - Snap shot by Radek Faksa.
1:39 of 1st period - Stopped by Ebbe Siönäs with a rebound.
1:49 of 1st period - Snap shot by Eric Robinson.
1:49 of 1st period - Shot Blocked by Connor Clifton.
2:19 of 1st period - Corey Tropp is hit by Jakub Zboril.
3:10 of 1st period - Slapshot by Kyle Rau.
3:10 of 1st period - Shot Misses the Net.
3:26 of 1st period - Slapshot by Radek Faksa.
3:26 of 1st period - Stopped by Ebbe Siönäs with a rebound.
3:28 of 1st period - Slapshot by Artem Zub.
3:28 of 1st period - Stopped by Ebbe Siönäs with a rebound.
3:50 of 1st period - Snap shot by Daniel Audette.
3:50 of 1st period - Shot Misses the Net.
4:10 of 1st period - Icing by Brett Kulak.
4:11 of 1st period - Sebastian Aho wins face-off versus John Quenneville in Punishers zone.
4:24 of 1st period - Wrist shot by Alexandre Grenier.
4:24 of 1st period - Goal by Alexandre Grenier - Wolves : 1 - Punishers : 0.
4:25 of 1st period - Sebastian Aho wins face-off versus Radek Faksa in neutral zone.
5:32 of 1st period - Joe Morrow is hit by Fredrik Claesson and loses puck.
6:12 of 1st period - Off-side.
6:13 of 1st period - Zack Hamill wins face-off versus Thomas Spelling in neutral zone.
6:43 of 1st period - Off-side.
6:44 of 1st period - Lawson Crouse wins face-off versus Radek Faksa in neutral zone.
6:47 of 1st period - Snap shot by Sebastian Aho.
6:47 of 1st period - Stopped by Louis Domingue without a rebound.
6:48 of 1st period - Radek Faksa wins face-off versus Sebastian Aho in Punishers zone.
6:55 of 1st period - Wrist shot by Sebastian Aho.
6:55 of 1st period - Shot Blocked by Carter Ashton.
6:57 of 1st period - Snap shot by Alexandre Grenier.
6:57 of 1st period - Stopped by Louis Domingue with a rebound.
6:59 of 1st period - Slapshot by Jalen Chatfield.
6:59 of 1st period - Wolves goal is going for a video replay.
6:59 of 1st period - The goal is refused. The puck has been kicked using a distinct kicking motion..
7:00 of 1st period - Zack Hamill wins face-off versus Antti Suomela in Punishers zone.
7:00 of 1st period - Zack Hamill is hit by Antti Suomela.
7:26 of 1st period - Alexandre Grenier is hit by Chrstian Dvorak and loses puck.
8:12 of 1st period - Snap shot by Michael Joly.
8:12 of 1st period - Shot Misses the Net.
8:21 of 1st period - Minor Penalty to Connor Clifton for High sticking.
8:22 of 1st period - Sebastian Aho wins face-off versus Zack Hamill in Punishers zone.
8:24 of 1st period - Wrist shot by Sebastian Aho.
8:24 of 1st period - Shot Blocked by Brett Kulak.
8:28 of 1st period - Snap shot by Sebastian Aho.
8:28 of 1st period - Stopped by Louis Domingue without a rebound.
8:29 of 1st period - Zack Hamill wins face-off versus Sebastian Aho in Punishers zone.
8:31 of 1st period - Minor Penalty to Brett Kulak for Boarding.
8:32 of 1st period - Sebastian Aho wins face-off versus Zack Hamill in Punishers zone.
8:34 of 1st period - Wrist shot by Alexandre Grenier.
8:34 of 1st period - Shot Blocked by Zack Hamill.
8:36 of 1st period - Wrist shot by Lawson Crouse.
8:36 of 1st period - Stopped by Louis Domingue with a rebound.
8:38 of 1st period - Slapshot by Alexandre Grenier.
8:38 of 1st period - Stopped by Louis Domingue without a rebound.
8:39 of 1st period - Zack Hamill wins face-off versus Sebastian Aho in Punishers zone.
8:59 of 1st period - Icing by Anton Lindholm.
9:00 of 1st period - Zack Hamill wins face-off versus Sebastian Aho in Wolves zone.
9:37 of 1st period - Joe Morrow is hit by Corey Tropp and loses puck.
10:21 of 1st period - Penalty to Connor Clifton is over, Connor Clifton is back on ice.
10:31 of 1st period - Penalty to Brett Kulak is over, Brett Kulak is back on ice.
12:54 of 1st period - Icing by Anton Lindholm.
12:55 of 1st period - Radek Faksa wins face-off versus Matthew Highmore in Wolves zone.
13:02 of 1st period - Snap shot by Radek Faksa.
13:02 of 1st period - Shot Misses the Net.
13:14 of 1st period - Wrist shot by Kyle Rau.
13:14 of 1st period - Goal by Kyle Rau - Wolves : 2 - Punishers : 0.
13:15 of 1st period - Zack Hamill wins face-off versus Sebastian Aho in neutral zone.
14:16 of 1st period - Backhand shot by Carter Ashton.
14:16 of 1st period - Goal by Carter Ashton - Wolves : 2 - Punishers : 1.
14:17 of 1st period - Zack Hamill wins face-off versus Sebastian Aho in neutral zone.
14:51 of 1st period - Wrist shot by Kyle Rau.
14:51 of 1st period - Shot Misses the Net.
15:32 of 1st period - Jakub Zboril is hit by Carter Ashton and loses puck.
15:50 of 1st period - Jeff Petry is hit by Corey Tropp and loses puck.
16:26 of 1st period - Victor Olofsson is hit by Daniel Audette.
16:30 of 1st period - Anton Blidh is hit by Antti Suomela.
16:36 of 1st period - Snap shot by Anton Blidh.
16:36 of 1st period - Stopped by Ebbe Siönäs with a rebound.
17:14 of 1st period - Snap shot by Wade Allison.
17:14 of 1st period - Stopped by Louis Domingue with a rebound.
17:16 of 1st period - Snap shot by Samuel Girard.
17:16 of 1st period - Stopped by Louis Domingue with a rebound.
17:18 of 1st period - Snap shot by Matthew Highmore.
17:18 of 1st period - Shot Misses the Net.
17:20 of 1st period - Wrist shot by Wade Allison.
17:20 of 1st period - Stopped by Louis Domingue without a rebound.
17:21 of 1st period - Radek Faksa wins face-off versus Kyle Rau in Punishers zone.
17:30 of 1st period - Radek Faksa is hit by Anton Lindholm.
17:46 of 1st period - Alexandre Grenier is hit by Brett Kulak and loses puck.
17:53 of 1st period - Wrist shot by Zack Hamill.
17:53 of 1st period - Stopped by Ebbe Siönäs without a rebound.
17:54 of 1st period - Sebastian Aho wins face-off versus Zack Hamill in Wolves zone.
17:58 of 1st period - Off-side.
17:59 of 1st period - Zack Hamill wins face-off versus Sebastian Aho in neutral zone.
18:12 of 1st period - Off-side.
18:13 of 1st period - Zack Hamill wins face-off versus Sebastian Aho in neutral zone.
18:16 of 1st period - Jeff Petry is hit by Zack Hamill and loses puck.
18:25 of 1st period - Wrist shot by Alexandre Grenier.
18:25 of 1st period - Deflect By Sebastian Aho.
18:25 of 1st period - Shot Misses the Net.
18:25 of 1st period - Puck is out of play.
18:26 of 1st period - Sebastian Aho wins face-off versus Zack Hamill in Punishers zone.
18:48 of 1st period - Icing by Tyler Bertuzzi.
18:49 of 1st period - Kyle Rau wins face-off versus Zack Hamill in Punishers zone.
19:04 of 1st period - Snap shot by Kyle Rau.
19:04 of 1st period - Deflect By Zack Hamill.
19:04 of 1st period - Shot Misses the Net.
19:04 of 1st period - Puck is out of play.
19:05 of 1st period - Radek Faksa wins face-off versus Sebastian Aho in Punishers zone.
19:20 of 1st period - Snap shot by Carter Ashton.
19:20 of 1st period - Shot Blocked by Sebastian Aho.
19:30 of 1st period - Noah Juulsen is hit by Joe Morrow and loses puck.
19:49 of 1st period - Slapshot by Antti Suomela.
19:49 of 1st period - Stopped by Louis Domingue without a rebound.
19:50 of 1st period - Zack Hamill wins face-off versus Antti Suomela in Punishers zone.
19:52 of 1st period - Minor Penalty to Corey Tropp for Holding Stick.
19:53 of 1st period - Zack Hamill wins face-off versus Sebastian Aho in Punishers zone.
Goals for this period are 2 for Wolves vs 1 for Punishers.
Shots for this period are 13 for Wolves vs 6 for Punishers.
2nd period
0:01 of 2nd period - Sebastian Aho wins face-off versus Zack Hamill in neutral zone.
0:06 of 2nd period - Slapshot by Alexandre Grenier.
0:06 of 2nd period - Stopped by Louis Domingue without a rebound.
0:07 of 2nd period - Zack Hamill wins face-off versus Sebastian Aho in Punishers zone.
0:39 of 2nd period - Wrist shot by Alexandre Grenier.
0:39 of 2nd period - Shot Misses the Net.
0:41 of 2nd period - Snap shot by Sebastian Aho.
0:41 of 2nd period - Stopped by Louis Domingue without a rebound.
0:42 of 2nd period - Zack Hamill wins face-off versus Kyle Rau in Punishers zone.
1:52 of 2nd period - Penalty to Corey Tropp is over, Corey Tropp is back on ice.
2:09 of 2nd period - Snap shot by Victor Olofsson.
2:09 of 2nd period - Shot Misses the Net.
2:20 of 2nd period - Off-side.
2:21 of 2nd period - John Quenneville wins face-off versus Matthew Highmore in neutral zone.
2:46 of 2nd period - Snap shot by Antti Suomela.
2:46 of 2nd period - Goal by Antti Suomela - Wolves : 3 - Punishers : 1.
2:47 of 2nd period - Sebastian Aho wins face-off versus Zack Hamill in neutral zone.
3:12 of 2nd period - Kyle Rau is hit by Chrstian Dvorak and loses puck.
3:21 of 2nd period - Wrist shot by Radek Faksa.
3:21 of 2nd period - Deflect By Chrstian Dvorak.
3:21 of 2nd period - Shot Blocked by Thomas Spelling.
3:21 of 2nd period - Puck is out of play.
3:22 of 2nd period - Tyler Bertuzzi wins face-off versus Sebastian Aho in Wolves zone.
3:31 of 2nd period - Zack Hamill is hit by Sebastian Aho and loses puck.
4:34 of 2nd period - Wrist shot by Wade Allison.
4:34 of 2nd period - Stopped by Louis Domingue with a rebound.
4:36 of 2nd period - Wrist shot by Matthew Highmore.
4:36 of 2nd period - Stopped by Louis Domingue with a rebound.
4:38 of 2nd period - Snap shot by Matthew Highmore.
4:38 of 2nd period - Deflect By Wade Allison.
4:38 of 2nd period - Stopped by Louis Domingue without a rebound.
4:39 of 2nd period - Zack Hamill wins face-off versus Sebastian Aho in Punishers zone.
6:40 of 2nd period - Icing by Ben Betker.
6:41 of 2nd period - John Quenneville wins face-off versus Sebastian Aho in Punishers zone.
6:52 of 2nd period - Wrist shot by Sebastian Aho.
6:52 of 2nd period - Stopped by Louis Domingue with a rebound.
7:30 of 2nd period - Victor Olofsson is hit by Daniel Audette and loses puck.
7:37 of 2nd period - Slapshot by Jakub Zboril.
7:37 of 2nd period - Shot Misses the Net.
7:53 of 2nd period - Slapshot by Samuel Girard.
7:53 of 2nd period - Stopped by Louis Domingue without a rebound.
7:54 of 2nd period - Zack Hamill wins face-off versus Matthew Highmore in Punishers zone.
8:29 of 2nd period - Wrist shot by Matthew Highmore.
8:29 of 2nd period - Stopped by Louis Domingue with a rebound.
8:31 of 2nd period - Snap shot by Samuel Girard.
8:31 of 2nd period - Stopped by Louis Domingue without a rebound.
8:32 of 2nd period - Radek Faksa wins face-off versus Sebastian Aho in Punishers zone.
8:37 of 2nd period - Lawson Crouse is hit by Chrstian Dvorak and loses puck.
9:06 of 2nd period - Slapshot by Kyle Rau.
9:06 of 2nd period - Stopped by Louis Domingue with a rebound.
9:09 of 2nd period - Icing by Connor Clifton.
9:10 of 2nd period - Sebastian Aho wins face-off versus John Quenneville in Punishers zone.
9:11 of 2nd period - Backhand shot by Lawson Crouse.
9:11 of 2nd period - Shot Misses the Net.
9:36 of 2nd period - Slapshot by Austen Brassard.
9:36 of 2nd period - Stopped by Ebbe Siönäs with a rebound.
9:38 of 2nd period - Wrist shot by Nikita Gusev.
9:38 of 2nd period - Goal by Nikita Gusev - Wolves : 3 - Punishers : 2.
9:39 of 2nd period - Sebastian Aho wins face-off versus Zack Hamill in neutral zone.
10:04 of 2nd period - Noah Juulsen is hit by Eric Robinson and loses puck.
10:15 of 2nd period - Slapshot by Thomas Spelling.
10:15 of 2nd period - Stopped by Louis Domingue without a rebound.
10:16 of 2nd period - Antti Suomela wins face-off versus Zack Hamill in Punishers zone.
10:29 of 2nd period - Snap shot by Antti Suomela.
10:29 of 2nd period - Shot Blocked by Zack Hamill.
10:42 of 2nd period - Minor Penalty to Jakub Zboril for Interference.
10:43 of 2nd period - Kyle Rau wins face-off versus Zack Hamill in Wolves zone.
10:43 of 2nd period - Kyle Rau is hit by Brett Kulak.
10:53 of 2nd period - Wrist shot by Corey Tropp.
10:53 of 2nd period - Shot Blocked by Lawson Crouse.
11:15 of 2nd period - Ben Betker is hit by Anton Lindholm and loses puck.
11:46 of 2nd period - Jeff Petry is hit by Carter Ashton and loses puck.
11:57 of 2nd period - Carter Ashton is hit by Eric Robinson and loses puck.
12:32 of 2nd period - Tyler Bertuzzi is hit by Jeff Petry and loses puck.
12:42 of 2nd period - Penalty to Jakub Zboril is over, Jakub Zboril is back on ice.
12:47 of 2nd period - Slapshot by Jeff Petry.
12:47 of 2nd period - Deflect By Antti Suomela.
12:47 of 2nd period - Stopped by Louis Domingue with a rebound.
12:49 of 2nd period - Slapshot by Jakub Zboril.
12:49 of 2nd period - Stopped by Louis Domingue without a rebound.
12:50 of 2nd period - Antti Suomela wins face-off versus Nikita Gusev in Punishers zone.
12:55 of 2nd period - Snap shot by Antti Suomela.
12:55 of 2nd period - Shot Misses the Net.
13:15 of 2nd period - Jalen Chatfield is hit by Daniel Audette and loses puck.
13:26 of 2nd period - Snap shot by Anton Blidh.
13:26 of 2nd period - Stopped by Ebbe Siönäs without a rebound.
13:27 of 2nd period - Sebastian Aho wins face-off versus Radek Faksa in Wolves zone.
13:29 of 2nd period - Icing by Jeff Petry.
13:30 of 2nd period - Radek Faksa wins face-off versus Sebastian Aho in Wolves zone.
13:35 of 2nd period - Snap shot by Radek Faksa.
13:35 of 2nd period - Shot Blocked by Jeff Petry.
13:37 of 2nd period - Snap shot by Chrstian Dvorak.
13:37 of 2nd period - Stopped by Ebbe Siönäs with a rebound.
13:39 of 2nd period - Slapshot by Radek Faksa.
13:39 of 2nd period - Stopped by Ebbe Siönäs with a rebound.
13:41 of 2nd period - Snap shot by Radek Faksa.
13:41 of 2nd period - Goal by Radek Faksa - Wolves : 3 - Punishers : 3.
13:42 of 2nd period - Zack Hamill wins face-off versus Sebastian Aho in neutral zone.
14:21 of 2nd period - Minor Penalty to Carter Ashton for Close Hand On Puck.
14:22 of 2nd period - Zack Hamill wins face-off versus Sebastian Aho in Punishers zone.
14:28 of 2nd period - Snap shot by Corey Tropp.
14:28 of 2nd period - Shot Blocked by Jakub Zboril.
14:34 of 2nd period - Slapshot by Sebastian Aho.
14:34 of 2nd period - Goal by Sebastian Aho - Wolves : 4 - Punishers : 3.
14:35 of 2nd period - Zack Hamill wins face-off versus Sebastian Aho in neutral zone.
14:46 of 2nd period - Slapshot by Zack Hamill.
14:46 of 2nd period - Deflect By Anton Lindholm.
14:46 of 2nd period - Stopped by Ebbe Siönäs with a rebound.
14:48 of 2nd period - Snap shot by Zack Hamill.
14:48 of 2nd period - Shot Misses the Net.
14:50 of 2nd period - Wrist shot by Zack Hamill.
14:50 of 2nd period - Goal by Zack Hamill - Wolves : 4 - Punishers : 4.
14:51 of 2nd period - Sebastian Aho wins face-off versus Zack Hamill in neutral zone.
15:05 of 2nd period - Snap shot by Tyler Bertuzzi.
15:05 of 2nd period - Deflect By Lawson Crouse.
15:05 of 2nd period - Stopped by Ebbe Siönäs with a rebound.
15:07 of 2nd period - Wrist shot by Corey Tropp.
15:07 of 2nd period - Shot Misses the Net.
16:24 of 2nd period - Artem Zub is hit by Jeff Petry and loses puck.
16:35 of 2nd period - Off-side.
16:36 of 2nd period - Sebastian Aho wins face-off versus Radek Faksa in neutral zone.
17:09 of 2nd period - Slapshot by Jakub Zboril.
17:09 of 2nd period - Stopped by Louis Domingue with a rebound.
17:25 of 2nd period - Snap shot by Chrstian Dvorak.
17:25 of 2nd period - Shot Blocked by Kyle Rau.
17:35 of 2nd period - Snap shot by Kyle Rau.
17:35 of 2nd period - Stopped by Louis Domingue with a rebound.
17:47 of 2nd period - Wrist shot by Wade Allison.
17:47 of 2nd period - Stopped by Louis Domingue without a rebound.
17:48 of 2nd period - Zack Hamill wins face-off versus Matthew Highmore in Punishers zone.
18:45 of 2nd period - Slapshot by Joe Morrow.
18:45 of 2nd period - Shot Blocked by Connor Clifton.
18:47 of 2nd period - Slapshot by Joe Morrow.
18:47 of 2nd period - Shot Blocked by Fredrik Claesson.
19:16 of 2nd period - Niko Mikkola is hit by Jeff Petry and loses puck.
Goals for this period are 2 for Wolves vs 3 for Punishers.
Shots for this period are 18 for Wolves vs 9 for Punishers.
3rd period
0:01 of 3rd period - Zack Hamill wins face-off versus Sebastian Aho in neutral zone.
0:08 of 3rd period - Backhand shot by Brett Kulak.
0:08 of 3rd period - Stopped by Ebbe Siönäs with a rebound.
0:32 of 3rd period - Wrist shot by Radek Faksa.
0:32 of 3rd period - Shot Misses the Net.
0:34 of 3rd period - Slapshot by Brett Kulak.
0:34 of 3rd period - Shot Blocked by Anton Lindholm.
0:36 of 3rd period - Slapshot by Brett Kulak.
0:36 of 3rd period - Deflect By Chrstian Dvorak.
0:36 of 3rd period - Shot Blocked by Anton Lindholm.
0:36 of 3rd period - Puck is out of play.
0:37 of 3rd period - Daniel Audette wins face-off versus Kyle Rau in Wolves zone.
0:50 of 3rd period - Snap shot by Anton Blidh.
0:50 of 3rd period - Stopped by Ebbe Siönäs with a rebound.
0:52 of 3rd period - Slapshot by Anton Blidh.
0:52 of 3rd period - Shot Misses the Net.
1:08 of 3rd period - Wrist shot by Radek Faksa.
1:08 of 3rd period - Stopped by Ebbe Siönäs with a rebound.
1:10 of 3rd period - Wrist shot by Fredrik Claesson.
1:10 of 3rd period - Shot Hit the Post.
1:12 of 3rd period - Slapshot by Fredrik Claesson.
1:12 of 3rd period - Stopped by Ebbe Siönäs with a rebound.
1:14 of 3rd period - Snap shot by Chrstian Dvorak.
1:14 of 3rd period - Stopped by Ebbe Siönäs with a rebound.
2:05 of 3rd period - Snap shot by Austen Brassard.
2:05 of 3rd period - Goal by Austen Brassard - Wolves : 4 - Punishers : 5.
2:06 of 3rd period - Zack Hamill wins face-off versus Sebastian Aho in neutral zone.
2:17 of 3rd period - Snap shot by Corey Tropp.
2:17 of 3rd period - Stopped by Ebbe Siönäs without a rebound.
2:18 of 3rd period - Zack Hamill wins face-off versus Sebastian Aho in Wolves zone.
3:35 of 3rd period - Slapshot by John Quenneville.
3:35 of 3rd period - Shot Misses the Net.
3:41 of 3rd period - Slapshot by John Quenneville.
3:41 of 3rd period - Deflect By Victor Olofsson.
3:41 of 3rd period - Shot Blocked by Samuel Girard.
3:41 of 3rd period - Puck is out of play.
3:42 of 3rd period - Zack Hamill wins face-off versus Sebastian Aho in Wolves zone.
3:48 of 3rd period - Off-side.
3:49 of 3rd period - Zack Hamill wins face-off versus Sebastian Aho in neutral zone.
3:52 of 3rd period - Jakub Zboril is hit by Brett Kulak and loses puck.
3:59 of 3rd period - Corey Tropp is hit by Jeff Petry and loses puck.
4:56 of 3rd period - Antti Suomela is hit by Anton Blidh and loses puck.
5:13 of 3rd period - Snap shot by Anton Blidh.
5:13 of 3rd period - Shot Blocked by Anton Lindholm.
5:15 of 3rd period - Slapshot by Anton Blidh.
5:15 of 3rd period - Shot Blocked by Antti Suomela.
5:17 of 3rd period - Wrist shot by Anton Blidh.
5:17 of 3rd period - Shot Misses the Net.
5:19 of 3rd period - Snap shot by Daniel Audette.
5:19 of 3rd period - Shot Misses the Net.
5:21 of 3rd period - Slapshot by Brett Kulak.
5:21 of 3rd period - Shot Misses the Net.
5:23 of 3rd period - Slapshot by Brett Kulak.
5:23 of 3rd period - Shot Blocked by Joe Morrow.
5:25 of 3rd period - Slapshot by Brett Kulak.
5:25 of 3rd period - Shot Blocked by Anton Lindholm.
5:41 of 3rd period - Wrist shot by Anton Blidh.
5:41 of 3rd period - Deflect By Victor Olofsson.
5:41 of 3rd period - Shot Blocked by Anton Lindholm.
5:41 of 3rd period - Puck is out of play.
5:42 of 3rd period - Lawson Crouse wins face-off versus Zack Hamill in Wolves zone.
5:46 of 3rd period - Off-side.
5:47 of 3rd period - Zack Hamill wins face-off versus Sebastian Aho in neutral zone.
5:50 of 3rd period - Alexandre Grenier is hit by Zack Hamill and loses puck.
6:10 of 3rd period - Noah Juulsen is hit by Jeff Petry.
6:14 of 3rd period - Snap shot by Zack Hamill.
6:14 of 3rd period - Shot Blocked by Jakub Zboril.
7:26 of 3rd period - Snap shot by Zack Hamill.
7:26 of 3rd period - Shot Hit the Post.
7:42 of 3rd period - Snap shot by Lawson Crouse.
7:42 of 3rd period - Stopped by Louis Domingue with a rebound.
7:44 of 3rd period - Wrist shot by Alexandre Grenier.
7:44 of 3rd period - Shot Misses the Net.
7:52 of 3rd period - Snap shot by Alexandre Grenier.
7:52 of 3rd period - Shot Misses the Net.
7:54 of 3rd period - Snap shot by Alexandre Grenier.
7:54 of 3rd period - Shot Misses the Net.
8:45 of 3rd period - Backhand shot by Tyler Bertuzzi.
8:45 of 3rd period - Stopped by Ebbe Siönäs with a rebound.
9:39 of 3rd period - Icing by Sebastian Aho.
9:40 of 3rd period - Sebastian Aho wins face-off versus Radek Faksa in Wolves zone.
10:13 of 3rd period - Snap shot by Nikita Gusev.
10:13 of 3rd period - Stopped by Ebbe Siönäs with a rebound.
10:19 of 3rd period - Wrist shot by Nikita Gusev.
10:19 of 3rd period - Stopped by Ebbe Siönäs with a rebound.
11:17 of 3rd period - Minor Penalty to Connor Clifton for Holding.
11:18 of 3rd period - Kyle Rau wins face-off versus Gabriel Gagne in Punishers zone.
11:31 of 3rd period - Snap shot by Thomas Spelling.
11:31 of 3rd period - Deflect By Kyle Rau.
11:31 of 3rd period - Shot Blocked by Brett Kulak.
11:31 of 3rd period - Puck is out of play.
11:32 of 3rd period - Radek Faksa wins face-off versus Kyle Rau in Punishers zone.
11:32 of 3rd period - Radek Faksa is hit by Jalen Chatfield.
11:39 of 3rd period - Minor Penalty to Jalen Chatfield for Hooking.
11:40 of 3rd period - Kyle Rau wins face-off versus Alex Schoenborn in Wolves zone.
11:52 of 3rd period - Off-side.
11:53 of 3rd period - Kyle Rau wins face-off versus Alex Schoenborn in neutral zone.
12:31 of 3rd period - Victor Olofsson is hit by Anton Blidh.
12:55 of 3rd period - Wrist shot by Eric Robinson.
12:55 of 3rd period - Stopped by Louis Domingue without a rebound.
12:56 of 3rd period - Gabriel Gagne wins face-off versus Matthew Highmore in Punishers zone.
13:01 of 3rd period - Anton Lindholm is hit by Ben Betker and loses puck.
13:17 of 3rd period - Penalty to Connor Clifton is over, Connor Clifton is back on ice.
13:33 of 3rd period - Slapshot by Brett Kulak.
13:33 of 3rd period - Stopped by Ebbe Siönäs with a rebound.
13:39 of 3rd period - Penalty to Jalen Chatfield is over, Jalen Chatfield is back on ice.
13:45 of 3rd period - Slapshot by Ben Betker.
13:45 of 3rd period - Goal by Ben Betker - Wolves : 4 - Punishers : 6.
13:46 of 3rd period - Radek Faksa wins face-off versus Kyle Rau in neutral zone.
13:49 of 3rd period - Thomas Spelling is hit by Carter Ashton and loses puck.
13:58 of 3rd period - Wrist shot by Joe Morrow.
13:58 of 3rd period - Shot Misses the Net.
14:12 of 3rd period - Radek Faksa is hit by Kieffer Bellows and loses puck.
14:23 of 3rd period - Snap shot by Radek Faksa.
14:23 of 3rd period - Stopped by Ebbe Siönäs with a rebound.
14:25 of 3rd period - Slapshot by Noah Juulsen.
14:25 of 3rd period - Stopped by Ebbe Siönäs without a rebound.
14:26 of 3rd period - Zack Hamill wins face-off versus Kyle Rau in Wolves zone.
14:29 of 3rd period - Snap shot by Corey Tropp.
14:29 of 3rd period - Shot Misses the Net.
14:31 of 3rd period - Snap shot by Brett Kulak.
14:31 of 3rd period - Shot Blocked by Jalen Chatfield.
14:33 of 3rd period - Slapshot by Tyler Bertuzzi.
14:33 of 3rd period - Shot Misses the Net.
14:58 of 3rd period - Slapshot by Jakub Zboril.
14:58 of 3rd period - Stopped by Louis Domingue with a rebound.
15:54 of 3rd period - Wrist shot by Joe Morrow.
15:54 of 3rd period - Shot Misses the Net.
16:25 of 3rd period - Off-side.
16:26 of 3rd period - Sebastian Aho wins face-off versus Michael Joly in neutral zone.
16:51 of 3rd period - Nikita Gusev is hit by Fredrik Olofsson and loses puck.
17:32 of 3rd period - Ben Betker is hit by Alexandre Grenier and loses puck.
17:47 of 3rd period - Wrist shot by Radek Faksa.
17:47 of 3rd period - Stopped by Ebbe Siönäs without a rebound.
17:48 of 3rd period - Radek Faksa wins face-off versus Kyle Rau in Wolves zone.
17:49 of 3rd period - Snap shot by Carter Ashton.
17:49 of 3rd period - Goal by Carter Ashton - Wolves : 4 - Punishers : 7.
17:50 of 3rd period - Zack Hamill wins face-off versus Kyle Rau in neutral zone.
18:23 of 3rd period - Backhand shot by Artem Zub.
18:23 of 3rd period - Deflect By Radek Faksa.
18:23 of 3rd period - Stopped by Ebbe Siönäs with a rebound.
18:28 of 3rd period - Joe Morrow is hit by John Quenneville and loses puck.
18:35 of 3rd period - Snap shot by John Quenneville.
18:35 of 3rd period - Shot Misses the Net.
18:42 of 3rd period - Off-side.
18:43 of 3rd period - Kyle Rau wins face-off versus Zack Hamill in neutral zone.
18:54 of 3rd period - Snap shot by Zack Hamill.
18:54 of 3rd period - Shot Misses the Net.
19:38 of 3rd period - Wrist shot by Nikita Gusev.
19:38 of 3rd period - Deflect By John Quenneville.
19:38 of 3rd period - Stopped by Ebbe Siönäs with a rebound.
19:44 of 3rd period - Wrist shot by Austen Brassard.
19:44 of 3rd period - Stopped by Ebbe Siönäs without a rebound.
19:45 of 3rd period - Zack Hamill wins face-off versus Kyle Rau in Wolves zone.
19:56 of 3rd period - Zack Hamill is hit by Eric Robinson and loses puck.
Goals for this period are 0 for Wolves vs 3 for Punishers.
Shots for this period are 3 for Wolves vs 19 for Punishers.